 Dungeon Crawl Stone Soup version 0.28-a0-674-gdaf460b524 (webtiles) character file.

Game seed: 3294971489889241998

18433 kipponium the Impaler (level 12, -2/121 HPs)
             Began as a Formicid Fighter on Oct 17, 2021.
             Was an Elder of Qazlal.
             Killed from afar by a hell hound (7 damage)
             ... with a blast of flame
             ... led by Azrael
             ... on level 2 of the Orcish Mines.
             The game lasted 00:49:33 (18517 turns).

kipponium the Impaler (Formicid Fighter)           Turns: 18517, Time: 00:49:34

Health: -2/121     AC: 26    Str: 25    XL:     12   Next: 95%
Magic:  12/12      EV:  2    Int:  9    God:    Qazlal [****..]
Gold:   365        SH:  0    Dex: 10    Spells: 11/11 levels left

rFire   + . .      SeeInvis .   o - +1 glaive (freeze)
rCold   + . .      Faith    .   E - +2 buckler {rC+ rF+}
rNeg    . . .      Spirit   .   (armour currently unavailable)
rPois   +          Reflect  .   (helmet unavailable)
rElec   .          Harm     .   (cloak currently unavailable)
rCorr   .          Rampage  .   (gloves currently unavailable)
Will    +....                   (boots currently unavailable)
Stlth   +.........              (no amulet)
HPRegen 0.30/turn               k - ring of flight
MPRegen 0.13/turn               F - ring of Shadows {Umbra +Inv Stlth+}

@: confused, tree-form, ambrosia-drunk, very slightly contaminated, wreathed by
umbra, invisible, repel missiles
A: stationary, stasis, torment immunity, boosted hp, permanent stasis, dig
shafts and tunnels, (antennae 3), four strong arms
a: Renounce Religion, Evoke Invisibility, Upheaval, Elemental Force


You were on level 2 of the Orcish Mines.
You worshipped Qazlal.
Qazlal was greatly pleased with you.
You were a tree.
You visited 3 branches of the dungeon, and saw 14 of its levels.
You also visited: Sewer and Ossuary.

You collected 1022 gold pieces.
You spent 657 gold pieces at shops.

Inventory:

Hand Weapons
 l - a +1 halberd of venom
 o - a +1 glaive of freezing (weapon)
 A - a +4 halberd
 D - the +7 hand crossbow of Untruth {flame, Int+2}
   (You found it on level 7 of the Dungeon)

   Any ammunition fired from it burns those it strikes, dealing additional fire
   damage.
   Int:       It affects your intelligence (+2).
Missiles
 i - 30 poisoned darts (quivered)
 t - 6 throwing nets
 u - 46 bolts
 z - a curare-tipped dart
Armour
 d - a +0 cloak (melded)
 h - a +0 pair of gloves (melded)
 m - a +0 pair of boots (melded)
 E - a +2 buckler of resistance (worn)
 G - the +4 ring mail of Qahianow (melded) {rN+}
   (You bought it in a shop on level 7 of the Dungeon)

   rN:        It protects you from negative energy.
Jewellery
 k - a ring of flight (left branch)
 C - a ring of wizardry
 F - the ring of Shadows (right branch) {Umbra +Inv Stlth+}
   (You found it on level 10 of the Dungeon)

   [ring of stealth]

   It surrounds you with an aura of shadow, increasing your stealth and reducing
   the accuracy of all within it (including the wearer).
   +Inv:      It lets you turn invisible.
   Stlth:     It makes you more stealthy.
Wands
 a - a wand of flame (13)
 q - a wand of paralysis (14)
 y - a wand of mindburst (7)
Scrolls
 c - 2 scrolls of fear
 e - 2 scrolls of enchant armour
 n - a scroll of magic mapping
 p - 3 scrolls of identify
 x - 4 scrolls of immolation
Potions
 b - 3 potions of curing
 f - 4 potions of attraction
 g - 7 potions of flight
 j - 3 potions of ambrosia
 r - a potion of lignification
 s - a potion of brilliance
 B - a potion of magic


   Skills:
 - Level 3.2 Fighting
 + Level 19.5 Polearms
 - Level 0.6 Throwing
 - Level 3.2 Armour
 - Level 5.4 Shields


You had 11 spell levels left.
You didn't know any spells.
Your spell library contained the following spells:

 Spells                   Type           Power      Damage    Failure   Level
 Pain                     Necr           0%         1d4       38%         1
 Dazzling Flash           Conj/Hex       0%         N/A       77%         3
 Gell's Gravitas          Tloc           0%         N/A       77%         3
 Lesser Beckoning         Tloc           0%         N/A       77%         3
 Teleport Other           Tloc           0%         N/A       77%         3
 Animate Armour           Summ/Erth      0%         N/A       99%         4
 Iskenderun's Mystic Bla  Conj/Tloc      0%         2d3       99%         4
 Blade Hands              Tmut           0%         N/A       100%        5
 Iron Shot                Conj/Erth      0%         9d1       100%        6
 Starburst                Conj/Fire      0%         6d3       100%        6
 Malign Gateway           Summ/Tloc      0%         N/A       100%        7


Dungeon Overview and Level Annotations

Branches:
Dungeon (11/15)            Temple (1/1) D:6            Lair (0/6) D:11
    Orc (2/2) D:9           Sewer (visited)         Ossuary (visited)
    Elf: Orc:2

Altars:
Ashenzari
Cheibriados
Dithmenos
Elyvilon
Fedhas
Gozag
Hepliaklqana
Kikubaaqudgha
Makhleb
Nemelex Xobeh
Okawaru
Qazlal
Ru
Sif Muna
Trog
Uskayaw
Vehumet
Wu Jian
Xom
Yredelemnul
Zin
The Shining One
Jiyva

Shops:
D:1 (   D:7 ?*[   D:8 :

Annotations:
D:9 3 runed translucent doors, Megustar's ghost, novice DEFE
Orc:2 Azrael; Erolcha


Innate Abilities, Weirdness & Mutations

You are a tree.
Your roots penetrate the ground, keeping you stationary.
You cannot be teleported.
You are immune to unholy pain and torment.
Your maximum health is greatly increased.
Your equipment is partially melded.
You cannot be hasted, slowed, berserked, paralysed or teleported.
You can dig through walls and to a lower floor.
((You have a pair of large antennae on your head. (SInv)))
Your four strong arms can wield two-handed weapons with a shield.


Message History

The warg dies!
Erolcha mumbles some strange words.
Erolcha flickers and vanishes!
Deactivating autopickup; reactivate with Ctrl-A.
The soul eater hits you.
* * * LOW HITPOINT WARNING * * *
The hell hound bites you but does no damage.
The hell hound bites you.
* * * LOW HITPOINT WARNING * * *
You attack the rock wall.
The hell hound bites you.
* * * LOW HITPOINT WARNING * * *
The orc warrior hits you but does no damage.
The hell hound bites you but does no damage. x2
The soul eater hits you but does no damage.
Azrael howls in rage.
The hell hound bites you.
* * * LOW HITPOINT WARNING * * *
You miss the hell hound. The fire elemental hits you.
The fire elemental burns you! You resist.
* * * LOW HITPOINT WARNING * * *
The hell hound bites you but does no damage. x2
The orc sorcerer completely misses you.
The orc warrior hits you but does no damage.
The hell hound bites you.
* * * LOW HITPOINT WARNING * * *
You barely miss the orc sorcerer.
The orc sorcerer is lightly wounded.
The soul eater barely misses you.
A gnoll comes into view.
It is wielding a +2 flail of protection.
The hell hound bites you.
* * * LOW HITPOINT WARNING * * *
The hell hound bites you but does no damage.
The fire elemental hits you.
The orc warrior hits you with a +0 long sword.
* * * LOW HITPOINT WARNING * * *
The hell hound bites you but does no damage.
The hell hound breathes flames at you.
The blast of flame hits the hell hound.
The hell hound completely resists.
The blast of flame hits you! You resist.
You die... ..g## #....# ...... #...... ###.oo.... ##§E○°..... #§Ehhho#

#§o♣hR#
#...§o3###
##..§oo{
#....(....
##.##...(..
# #.....oo
#.#......
#.#.......


You could see Azrael, a soul eater (summoned), 2 fire elementals, an orc
sorcerer, 5 orc warriors, 4 hell hounds, a gnoll (wandering) and 2 orcs.

Vanquished Creatures
  Harold (D:7)
  3 two-headed ogres
  A tengu warrior (D:8)
  An orc knight (Orc:2)
  A freezing wraith (D:9)
  A queen bee (shapeshifter) (D:11)
  A queen bee (D:9)
  3 trolls
  3 wyverns
  Sigmund (D:2)
  22 yaks
  A vampire (D:10)
  Eustachio (D:5)
  3 steam dragons
  2 vampire mosquitoes
  Grum (D:9)
  Edmund (D:6)
  Duvessa (D:7)
  A water moccasin (D:7)
  15 orc warriors
  A hornet zombie (D:6)
  A sky beast (D:6)
  2 ice beasts
  A black bear (D:8)
  4 necrophages
  7 ogres
  4 wolves (D:9)
  6 centaurs
  A phantom (D:5)
  An elf zombie (Ossuary)
  7 gnoll sergeants (D:9)
  6 kobold brigands
  A bullfrog (D:7)
  2 scorpions (D:5)
  A water moccasin zombie (D:5)
  A wyvern zombie (D:8)
  A wyvern skeleton (D:7)
  Dowan (D:7)
  27 killer bees
  6 howler monkeys
  4 electric eels (D:7)
  3 centaur zombies
  A bullfrog zombie (D:6)
  A centaur skeleton (D:7)
  6 hounds
  2 bullfrog skeletons (D:5)
  10 orc priests
  7 gnoll shamans
  3 jellies
  Jessica (D:3)
  A scorpion zombie (D:5)
  11 orc wizards
  Ijyb (D:4)
  2 iguanas
  2 mummies (Ossuary)
  2 howler monkey zombies
  Robin (D:4)
  30 gnolls
  7 adders
  3 white imps
  2 adder zombies (Ossuary)
  5 worms
  7 dart slugs (D:7)
  41 orcs
  6 ball pythons
  15 endoplasms
  4 giant cockroaches
  18 goblins
  9 hobgoblins
  10 jackals
  3 quokkas
  12 bats
  5 frilled lizards
  A goblin zombie (Ossuary)
  11 hobgoblin zombies (Ossuary)
  A jackal zombie (Ossuary)
  10 kobolds
  5 kobold zombies (Ossuary)
  12 orc zombies (Ossuary)
  5 rats
  2 rat zombies (Ossuary)
  A spectral orc (D:9)
428 creatures vanquished.

Vanquished Creatures (others)
  An unseen horror (D:11)
  A warg (Orc:2)
  3 orc warriors (Orc:2)
  A dart slug (D:7)
  A goblin (D:4)
  5 fungi (D:8)
  7 plants
19 creatures vanquished.

Grand Total: 447 creatures vanquished

Notes
Turn   | Place    | Note
-------+----------+-------------------------------------------
     0 | D:1      | kipponium the Formicid Fighter began the quest for the Orb.
     0 | D:1      | Reached XP level 1. HP: 18/18 MP: 1/1
    31 | D:1      | Reached XP level 2. HP: 20/24 MP: 2/2
   387 | D:1      | Found Tayj's Antique Weapon Shop.
   482 | D:1      | Reached skill level 3 in Polearms
   816 | D:1      | Reached XP level 3. HP: 29/29 MP: 3/3
  1443 | D:2      | Noticed Sigmund
  1466 | D:2      | Killed Sigmund
  1467 | D:2      | Reached skill level 5 in Polearms
  1467 | D:2      | Reached XP level 4. HP: 35/35 MP: 4/4
  1467 | D:2      | Reached XP level 5. HP: 41/41 MP: 5/5
  1467 | D:2      | Reached XP level 6. HP: 47/47 MP: 6/6
  2047 | D:3      | Reached skill level 6 in Polearms
  2181 | D:3      | Found a glowing drain.
  2186 | Sewer    | Entered a sewer
  3335 | D:3      | Noticed Jessica
  3346 | D:3      | Killed Jessica
  3849 | D:4      | Noticed Ijyb
  3851 | D:4      | Noticed Robin
  3874 | D:4      | Killed Ijyb
  3875 | D:4      | Reached skill level 7 in Polearms
  3875 | D:4      | Reached XP level 7. HP: 31/52 MP: 7/7
  3888 | D:4      | Killed Robin
  4348 | D:4      | Found a broken altar of Ashenzari.
  4393 | D:4      | Reached skill level 8 in Polearms
  4608 | D:5      | Entered Level 5 of the Dungeon
  4675 | D:5      | Reached XP level 8. HP: 58/58 MP: 8/8
  5067 | D:5      | Found a glowing golden altar of the Shining One.
  5166 | D:5      | Reached skill level 9 in Polearms
  5405 | D:5      | Found a shadowy altar of Dithmenos.
  5729 | D:5      | Noticed Eustachio
  5886 | D:5      | Killed Eustachio
  5887 | D:5      | Reached skill level 10 in Polearms
  5887 | D:5      | Reached skill level 5 in Shields
  5887 | D:5      | Reached XP level 9. HP: 42/64 MP: 9/9
  6239 | D:6      | Found a sand-covered staircase.
  6244 | Ossuary  | Entered an ossuary
  6564 | D:6      | Noticed Edmund
  6597 | D:6      | Killed Edmund
  6598 | D:6      | Reached skill level 11 in Polearms
  6777 | D:6      | Found a staircase to the Ecumenical Temple.
  6813 | D:6      | Found a white marble altar of Elyvilon.
  6823 | D:6      | Found an iron altar of Okawaru.
  6877 | Temple   | Entered the Ecumenical Temple
  6963 | Temple   | Became a worshipper of Qazlal Stormbringer
  7299 | D:6      | Found a shimmering blue altar of Sif Muna.
  7566 | D:6      | Reached skill level 12 in Polearms
  7965 | D:7      | Found a snail-covered altar of Cheibriados.
  8014 | D:7      | Reached XP level 10. HP: 64/70 MP: 10/10
  8050 | D:7      | Found a sparkling altar of Nemelex Xobeh.
  8631 | D:7      | Reached * piety under Qazlal
  9004 | D:7      | Noticed Harold
  9036 | D:7      | Reached skill level 13 in Polearms
  9318 | D:7      | Killed Harold
  9336 | D:7      | Identified the +7 hand crossbow of Untruth {flame, Int+2}
  9405 | D:7      | Found Xybepal's General Store.
  9443 | D:7      | Found a hazy altar of Hepliaklqana.
  9491 | D:7      | Reached skill level 14 in Polearms
  9686 | D:7      | Found Punu's Antique Armour Shoppe.
  9843 | D:7      | Found Xizielez's Magic Scroll Boutique.
  9891 | D:7      | Noticed Dowan
  9892 | D:7      | Noticed Duvessa
  9899 | D:7      | Killed Dowan
  9907 | D:7      | Killed Duvessa
 10487 | D:8      | Reached ** piety under Qazlal
 10495 | D:8      | Found a stormy altar of Qazlal.
 10586 | D:8      | Noticed a two-headed ogre
 10608 | D:8      | Killed a two-headed ogre
 10609 | D:8      | Reached skill level 15 in Polearms
 10609 | D:8      | Reached XP level 11. HP: 45/75 MP: 11/11
 10870 | D:8      | Found Ehutaim's Book Boutique.
 11359 | D:8      | Identified the +2 robe of the Raven {Rampage rF- Regen+
                  | Slay-2 Stlth+}
 11431 | D:8      | Reached skill level 16 in Polearms
 11628 | D:8      | Reached *** piety under Qazlal
 11984 | D:9      | Noticed a tengu warrior
 11996 | D:8      | Killed a tengu warrior
 12570 | D:9      | Found a runed translucent gate.
 12570 | D:9      | Found a runed translucent gate.
 12570 | D:9      | Found a runed translucent gate.
 12573 | D:9      | Noticed Megustar's ghost (novice DEFE)
 12578 | D:9      | Found a viscous altar of Jiyva.
 12594 | D:9      | Noticed Grum
 12609 | D:9      | HP: 1/75 [wolf[Grum] (7)]
 12997 | D:9      | Got the Volume of Dark Secrets and Calling
 13028 | D:9      | Killed Grum
 13304 | D:9      | Found a basalt altar of Yredelemnul.
 13408 | D:9      | Reached skill level 17 in Polearms
 13795 | D:9      | Found a glowing silver altar of Zin.
 14493 | D:9      | Reached XP level 12. HP: 76/81 MP: 12/12
 15111 | D:9      | Found a staircase to the Orcish Mines.
 15147 | D:9      | Reached **** piety under Qazlal
 15185 | D:9      | Reached skill level 18 in Polearms
 15647 | D:10     | Entered Level 10 of the Dungeon
 15742 | D:10     | Found the ring of Shadows {Umbra +Inv Stlth+}
 16352 | D:10     | Found a bloodstained altar of Trog.
 16544 | D:7      | Bought a brightly glowing ring mail for 225 gold pieces
 16544 | D:7      | Identified the +4 ring mail of Qahianow {rN+} (You bought
                  | it in a shop on level 7 of the Dungeon)
 16696 | D:11     | Noticed a two-headed ogre
 17094 | D:11     | Noticed a two-headed ogre
 17102 | D:11     | Killed a two-headed ogre
 17103 | D:11     | Reached skill level 19 in Polearms
 17194 | D:11     | Killed a two-headed ogre
 17476 | D:11     | Found a staircase to the Lair.
 18083 | D:7      | Bought a scroll of brand weapon for 320 gold pieces
 18097 | D:7      | Bought a scroll of enchant weapon for 112 gold pieces
 18239 | Orc:1    | Entered Level 1 of the Orcish Mines
 18479 | Orc:2    | Entered Level 2 of the Orcish Mines
 18503 | Orc:2    | Noticed Azrael
 18505 | Orc:2    | Noticed a soul eater
 18507 | Orc:2    | Noticed Erolcha
 18517 | Orc:2    | HP: 5/121 [orc warrior (5)]
 18517 | Orc:2    | Killed from afar by a hell hound

Illustrated notes

Levels and vault maps discovered:
D:1:      dpeg_arrival_arbitrary_c, layout_loops_corners, serial_shops,
          nicolae_shop_overgrown_old_shop, minmay_misc_feat_four_crosses,
          minmay_misc_feat_square
D:2:      layout_loops_ring, uniq_sigmund
D:3:      layout_loops_ring, portal_sewer_entry_e, kennysheep_jessica_study
D:4:      layout_rooms, nicolae_ashenzari_panopticon, uniq_ijyb, uniq_robin
D:5:      layout_basic, tso_oasis_becter, grunt_dithmenos_shadows,
          minmay_chambers_of_fives, uniq_eustachio
D:6:      lemuel_ice_spiral_2, layout_basic, mainiacjoe_overflow_alcove_2,
          jmf_multi_god_temple, minmay_temple_entry_glassed_door,
          enter_ossuary_2, uniq_edmund
D:7:      kennysheep_slugbush, layout_loops_cross,
          mainiacjoe_overflow_six_doors_small, mainiacjoe_overflow_alcove_1,
          nemelex_dance_club_becter, serial_shops, nicolae_shop_statue_plus,
          shop, shop, uniq_harold, uniq_duvessa
D:8:      kennysheep_seaside_town, layout_basic, serial_shops,
          nicolae_shop_waterfront, minmay_ruined_shrine
D:9:      layout_basic, mainiacjoe_overflow_chevrons,
          yredelemnul_forgotten_temple_becter,
          kennysheep_orc_monster_closet_entryway, gammafunk_ghost_ooze,
          special_room [special_room_bee], minmay_checkerbox, uniq_grum
D:10:     layout_basic, lemuel_doored_altar
D:11:     layout_loops_ring, lair_entry_dummy
Temple:   compressed_dpeg_circular_temple
Orc:1:    layout_caves
Orc:2:    grunt_orc_gardens, layout_diamond_mine, grunt_orc_garden,
          grunt_orc_garden, grunt_orc_garden, grunt_orc_garden, uniq_azrael,
          uniq_erolcha, uniq_donald

Skill      XL: |  1  2  3  4  5  6  7  8  9 10 11 12 |
---------------+-------------------------------------+-----
Polearms       | 3 5 7 8 10 12 15 17 19 | 19.5
Shields        | 5 |  5.4
Fighting       | |  3.2
Throwing       | |  0.6
Armour         | |  3.2

Action                   |  1- 3 |  4- 6 |  7- 9 | 10-12 || total
-------------------------+-------+-------+-------+-------++-------
Melee: Trident           |   104 |   189 |   429 |   158 ||   880
       Halberd           |       |       |       |   665 ||   665
       Glaive            |       |       |       |    59 ||    59
Throw: Dart              |       |       |     4 |    26 ||    30
       Throwing net      |       |       |       |     1 ||     1
Invok: Upheaval          |       |       |       |     2 ||     2
 Abil: Dig               |       |    11 |     1 |     5 ||    17
Evoke: Wand              |       |       |     1 |     7 ||     8
  Use: Potion            |     1 |     1 |     1 |    14 ||    17
       Scroll            |       |     5 |     6 |    18 ||    29
 Stab: Sleeping          |       |       |     1 |       ||     1
       Paralysed         |       |       |       |     6 ||     6
       Held in net/web   |       |       |       |     1 ||     1
       Invisible         |       |       |       |     2 ||     2
Armor: Scale mail        |    44 |    57 |    12 |       ||   113
       Leather armour    |       |       |    86 |   104 ||   190
       Skin              |       |       |       |    74 ||    74
       Ring mail         |       |       |       |    34 ||    34
Dodge: Dodged            |    44 |    51 |   112 |   214 ||   421
Block: Buckler           |    13 |    25 |    50 |   264 ||   352

Table legend: (Time is in decaauts)
 A = Elapsed time spent in this place.
 B = Non-inter-level travel time spent in this place.
 C = Inter-level travel time spent in this place.
 D = Time resting spent in this place.
 E = Time spent auto-exploring this place.
 F = Levels seen in this place.
 G = Mean time per level.
                   A        B        C        D        E       F      G
               +--------+--------+--------+--------+--------+-----+--------+
         Total |  18339 |  17261 |   1078 |   6577 |   6599 |  16 | 1146.2 |
       Dungeon |  16812 |  15754 |   1058 |   6509 |   6169 |  11 | 1528.4 |
        Temple |     97 |     87 |     10 |      0 |     49 |   1 |   97.0 |
  Orcish Mines |    261 |    251 |     10 |     29 |    153 |   2 |  130.5 |
         Sewer |    919 |    919 |      0 |     39 |    227 |   1 |  919.0 |
       Ossuary |    248 |    248 |      0 |      0 |      0 |   1 |  248.0 |
               +--------+--------+--------+--------+--------+-----+--------+

Top non-repeatable levels by time:
     D:9: 3162 daAuts
     D:8: 2447 daAuts
     D:7: 2346 daAuts
     D:5: 1550 daAuts
     D:6: 1351 daAuts
    D:10: 1119 daAuts
     D:1: 1079 daAuts
     D:3: 992 daAuts
    D:11: 964 daAuts
     D:2: 955 daAuts
   Sewer: 919 daAuts
     D:4: 842 daAuts
 Ossuary: 248 daAuts
   Orc:1: 231 daAuts
  Temple: 97 daAuts
